 Dungeon Crawl Stone Soup version bcrawl-1.37 (webtiles) character file.

Game seed: 11668695979164389390

324160 Lazarus1551 the Magician (level 10, -8/79 HPs)
             Began as an Oni Air Elementalist on Sept 20, 2022.
             Was an Initiate of Kikubaaqudgha.
             Mangled by a troll skeleton (9 damage)
             ... animated by the player character
             ... on level 7 of the Dungeon.
             The game lasted 00:19:28 (6170 turns).

Lazarus1551 the Magician (Oni Air Elementalist)     Turns: 6170, Time: 00:19:29

Health: -8/79      AC:  3    Str: 12    XL:     10   Next: 3%
Magic:  0/21       EV: 13    Int: 20    God:    Kikubaaqudgha [......]
Gold:   391        SH:  0    Dex: 11    Spells: 7/22 levels left

rFire    . . .     GDR:     27% q - +2 shortbow (seek)
rCold    . . .     SeeInvis .   (shield currently unavailable)
rNeg     . . .     Gourm    .   o - +0 robe {MR+}
rPois    .         Faith    .   (helmet restricted)
rElec    .         Spirit   +   k - scarf {Spirit}
rCorr    .         Reflect  .   (no gloves)
MR       +....                  h - +0 pair of boots (curse)
Stlth    +++.......             (no amulet)
HPRegen  0.23/turn              t - ring of fire
MPRegen  0.17/turn              C - ring of Wishful Thinking {Ice Stlth+}

@: swift, flying, slowed
A: oni magic, claws 1, fangs 1, horns 1
a: Renounce Religion


You were on level 7 of the Dungeon.
You worshipped Kikubaaqudgha.
Kikubaaqudgha was noncommittal.
You were hungry.

You visited 2 branches of the dungeon, and saw 9 of its levels.

You collected 391 gold pieces.

Inventory:

Hand Weapons
 q - a +2 shortbow of seeking (weapon)
 s - a +5 hand axe
 y - a +2 scythe of slicing
 B - a +0 hunting sling of freezing
 D - a +3 battleaxe
 G - a +4 morningstar of freezing
Missiles
 j - 1711 stones
 p - 681 sling bullets
 v - 50 poisoned tomahawks
 z - 962 arrows (quivered)
Armour
 a - a +0 animal skin
 h - a cursed +0 pair of boots (worn)
 k - a scarf of spirit shield (worn)
 l - a +0 large shield of reflection
 o - a +0 robe of magic resistance (worn)
 F - a +1 robe of fire resistance
 L - a +0 troll leather armour
 M - +0 steam dragon scales
Jewellery
 t - a ring of fire (left claw)
 C - the ring of Wishful Thinking (right claw) {Ice Stlth+}
   (You found it on level 5 of the Dungeon)

   [ring of ice]

   It enhances your ice magic.
   It makes you vulnerable to fire.
   It protects you from cold.
   It makes you more stealthy.
 H - the ring "Enumne" {+Fly rC+, unknown}
   (You found it on level 6 of the Dungeon)

   [ring of flight]

   It protects you from cold.
   It lets you fly.
 J - an uncursed ring of stealth {unknown}
Wands
 x - a wand of polymorph (1)
 K - a wand of disintegration (18)
Scrolls
 b - a scroll of magic mapping {unknown}
 f - 3 scrolls of teleportation
 g - 2 scrolls of remove curse
 i - 6 scrolls of identify
 n - a scroll of fear {unknown}
 w - a scroll of fog {unknown}
 A - a scroll of silence {unknown}
 I - a scroll of amnesia {unknown}
 O - a scroll of acquirement {unknown}
Potions
 d - 3 potions of brilliance
 m - a potion of degeneration
 r - a potion of cancellation
 u - 3 potions of curing
 E - a potion of agility {unknown}
 N - a potion of mutation {unknown}
 P - a potion of heal wounds {unknown}
Comestibles
 e - 17 rations {!d}


   Skills:
 - Level 4.2 Fighting
 - Level 1.8(2.4) Axes
 - Level 2.3(2.7) Polearms
 - Level 1.6(1.7) Slings
 - Level 5.0 Bows
 - Level 0.6(1.2) Throwing
 - Level 4.2 Armour
 - Level 3.1 Dodging
 - Level 1.7 Stealth
 - Level 4.1 Shields
 - Level 0.3 Unarmed Combat
 * Level 6.5 Spellcasting
   Level 6.5 Conjurations
   Level 6.5 Hexes
   Level 6.5 Charms
   Level 6.5 Summonings
   Level 6.5 Necromancy
   Level 6.5 Translocations
   Level 6.5 Transmutations
   Level 6.5 Fire Magic
   Level 6.5 Ice Magic
   Level 6.5 Air Magic
   Level 6.5 Earth Magic
   Level 6.5 Poison Magic


You had 7 spell levels left.
You knew the following spells:

 Your Spells              Type           Power        Failure   Level  Hunger
a - Shock                 Conj/Air       ####.        1%          1    None
b - Mephitic Cloud        Conj/Pois/Air  ####....     2%          3    #......
c - Static Discharge      Air            #####...     1%          3    #......
d - Airstrike             Air            #####.....   4%          4    ####...
e - Sticky Flame          Conj/Fire      #####...     7%          4    ####...

Your spell library contained the following spells:

 Spells                   Type           Power        Failure   Level  Hunger
 Summon Butterflies       Summ           #####...     1%          1    None
 Swiftness                Chrm/Air       ####....     1%          2    None
 Summon Ice Beast         Ice/Summ       #####...     7%          4    ####...
 Lightning Bolt           Conj/Air       ####......   19%         5    #####..
 Silence                  Hex/Air        ####......   19%         5    #####..


Dungeon Overview and Level Annotations

Branches:
Dungeon (8/12)             Temple (1/1) D:5            Lair (0/6) D:7
    Orc: D:8-11

Altars:
Ashenzari
Cheibriados
Dithmenos
Fedhas
Gozag
Hepliaklqana
Kikubaaqudgha
Makhleb
Nemelex Xobeh
Okawaru
Qazlal
Sif Muna
Trog
Vehumet
Wu Jian
Xom
Yredelemnul

Annotations:
D:3 3 runed doors, Galewind's ghost, amateur AvRe


Innate Abilities, Weirdness & Mutations

You learn spells by gaining experience, not through books or religion.
You only train spellcasting to practice magic.
You have sharp fingernails.
You have very sharp teeth.
You have a pair of small horns on your head.


Message History

The troll skeleton barely misses you.
Firing (i - inventory. (/) - cycle)
z - 963 arrows (quivered)
Press: ? - help, Shift-Dir - straight line, f/p - troll skeleton
Aim: a troll skeleton (moderately damaged)
You shoot an arrow. The arrow hits the troll skeleton!
The troll skeleton is heavily damaged.
The troll skeleton closely misses you. x2; The troll skeleton claws you.
The troll skeleton bites you! The troll skeleton claws you!
The troll skeleton closely misses you. The troll skeleton bites you!
* * * LOW HITPOINT WARNING * * *
The troll skeleton closely misses you. The troll skeleton claws you!
* * * LOW HITPOINT WARNING * * *
You feel very buoyant.
You fly up into the air.
The troll skeleton barely misses you. The troll skeleton claws you!
* * * LOW HITPOINT WARNING * * *
The troll skeleton claws you!
You die...
Kikubaaqudgha rasps: "You have failed me!
Welcome... death!"

...................##
.....#............##
...............#P.##
............##_._._###
............#.P...P.P#
[...........#...⌠P..##
[...........##.....##
.............###Z###
.....ZZ.......##@#
....Z........###.#
...Z..#.....## #.#
..Z.#.##.#.## #.#
......##....## #.#
......###....# #.#
...##.###..#.# #.#
.......##..#.###.#
..###............##


You could see a troll skeleton.

Vanquished Creatures
  A wraith (D:7)
  A vampire mosquito (D:7)
  2 orc warriors
  2 ice beasts (D:6)
  A sky beast (D:6)
  2 wolves (D:7)
  4 bullfrogs
  4 centaurs
  A scorpion (D:4)
  An orc priest (D:4)
  2 crimson imps
  A bullfrog zombie (D:3)
  4 hounds
  A jelly (D:6)
  An orc wizard (D:4)
  An iguana (D:3)
  Terence (D:3)
  2 worker ants (D:6)
  7 adders
  5 gnolls
  A shadow imp (D:6)
  An adder zombie (D:5)
  5 dart slugs (D:1)
  5 leopard geckos
  20 orcs
  2 giant cockroaches
  7 goblins
  7 hobgoblins
  4 jackals
  7 kobolds
  2 quokkas (D:3)
  5 bats
  3 frilled lizards (D:1)
  A jackal zombie (D:6)
  A quokka zombie (D:3)
  5 rats
120 creatures vanquished.

Vanquished Creatures (collateral kills)
  A troll (D:7)
  Sigmund (D:4)
  A steam dragon (D:7)
  A necrophage (D:6)
  2 ogres
  2 wolves (D:7)
  A howler monkey (D:5)
  An electric eel (D:7)
  4 wights (D:7)
  3 crimson imps
  2 jellies (D:7)
  An orc wizard (D:6)
  A gnoll shaman (D:4)
  A hound (D:7)
  3 worker ants
  2 gnolls (D:4)
  An adder (D:4)
  A howler monkey skeleton (D:6)
  An ooze (D:5)
  An orc (D:6)
  5 jackals
  A quokka (D:4)
  2 plants (D:7)
39 creatures vanquished.

Vanquished Creatures (others)
  An electric eel (D:7)
  A wight (D:6)
  A wolf skeleton (D:7)
  An electric eel skeleton (D:7)
  2 orc skeletons (D:6)
  An orc zombie (D:6)
7 creatures vanquished.

Grand Total: 166 creatures vanquished

Notes
Turn   | Place    | Note
-------+----------+-------------------------------------------
     0 | D:1      | Lazarus1551 the Oni Air Elementalist began the quest for
                  | the Orb.
     0 | D:1      | Reached XP level 1. HP: 14/14 MP: 6/6
    34 | D:1      | Reached XP level 2. HP: 13/22 MP: 0/7
   130 | D:1      | Reached skill level 3 in Spellcasting
   363 | D:1      | Reached XP level 3. HP: 27/27 MP: 5/9
  1198 | D:2      | Reached skill level 1 in Fighting
  1198 | D:2      | Reached XP level 4. HP: 35/35 MP: 2/11
  1248 | D:2      | Learned a level 3 spell: Mephitic Cloud
  1252 | D:2      | Learned a level 3 spell: Static Discharge
  1623 | D:3      | Noticed a bullfrog
  1626 | D:3      | Killed a bullfrog
  1627 | D:3      | Reached skill level 4 in Spellcasting
  1627 | D:3      | Reached XP level 5. HP: 10/40 MP: 1/13
  2058 | D:3      | Found a runed gate.
  2061 | D:3      | Found a runed gate.
  2061 | D:3      | Found a runed gate.
  2061 | D:3      | Noticed Galewind's ghost (amateur AvRe)
  2064 | D:3      | Found a basalt altar of Yredelemnul.
  2074 | D:3      | Reached XP level 6. HP: 38/47 MP: 6/14
  2087 | D:3      | Became a worshipper of Yredelemnul the Dark
  2355 | D:3      | Found a snail-covered altar of Cheibriados.
  2545 | D:3      | Noticed Terence
  2555 | D:3      | Killed Terence
  2556 | D:3      | Reached skill level 1 in Shields
  2671 | D:4      | Reached skill level 1 in Armour
  2691 | D:4      | Reached XP level 7. HP: 55/55 MP: 8/16
  2793 | D:4      | Found a hazy altar of Hepliaklqana.
  2869 | D:4      | Found a burning altar of Makhleb.
  2878 | D:4      | Reached skill level 5 in Spellcasting
  3009 | D:4      | Reached skill level 1 in Slings
  3107 | D:4      | Reached * piety under Yredelemnul
  3133 | D:4      | Noticed Sigmund
  3140 | D:4      | Killed Sigmund
  3141 | D:4      | Reached XP level 8. HP: 59/62 MP: 9/18
  3371 | D:4      | Reached skill level 1 in Axes
  3530 | D:5      | Entered Level 5 of the Dungeon
  3587 | D:5      | Found a staircase to the Ecumenical Temple.
  3604 | Temple   | Entered the Ecumenical Temple
  3910 | D:5      | Got a scorched copper ring
  3912 | D:5      | Identified the ring of Wishful Thinking {Ice Stlth+} (You
                  | found it on level 5 of the Dungeon)
  3996 | D:5      | Found a glowing silver altar of Zin.
  4148 | D:5      | Found a stormy altar of Qazlal.
  4161 | D:5      | Found an opulent altar of Gozag.
  4391 | D:6      | Learned a level 4 spell: Airstrike
  4396 | D:6      | Learned a level 4 spell: Sticky Flame
  4406 | D:6      | Reached skill level 1 in Polearms
  4530 | D:6      | Reached skill level 6 in Spellcasting
  4587 | D:6      | Reached XP level 9. HP: 58/70 MP: 13/20
  4866 | D:6      | Reached ** piety under Yredelemnul
  5067 | D:6      | Reached skill level 1 in Bows
  5259 | D:6      | Got a glittering amber ring
  5588 | D:7      | Found a staircase to the Lair.
  5590 | D:7      | Noticed a troll
  5694 | D:7      | Killed a troll
  5770 | D:7      | Found an ancient bone altar of Kikubaaqudgha.
  5770 | D:7      | Found a glowing golden altar of the Shining One.
  5770 | D:7      | Found a shadowy altar of Dithmenos.
  5871 | D:7      | Reached skill level 5 in Bows
  5871 | D:7      | Reached XP level 10. HP: 79/79 MP: 21/21
  6027 | D:7      | Found a shimmering blue altar of Sif Muna.
  6149 | D:7      | Fell from the grace of Yredelemnul
  6149 | D:7      | Became a worshipper of Kikubaaqudgha
  6170 | D:7      | HP: 1/79 [troll skeleton[the player character] (8)]
  6170 | D:7      | Mangled by a troll skeleton

Skill      XL: |  1  2  3  4  5  6  7  8  9 |
---------------+----------------------------+-----
Spellcasting   | 3 4 5 6 |  6.5
Fighting       | 1 2 3 4 |  4.2
Dodging        | 2 3 |  3.1
Shields        | 1 2 3 4 |  4.1
Armour         | 1 3 4 |  4.2
Slings         | 1 |  1.6
Axes           | 1 |  1.8
Polearms       | 1 2 |  2.3
Bows           | 5 |  5.0
Throwing       | |  0.6
Stealth        | |  1.7
Unarmed Combat | |  0.3
Conjurations   | |  6.5
Hexes          | |  6.5
Charms         | |  6.5
Summonings     | |  6.5
Necromancy     | |  6.5
Translocations | |  6.5
Transmutations | |  6.5
Fire Magic     | |  6.5
Ice Magic      | |  6.5
Air Magic      | |  6.5
Earth Magic    | |  6.5
Poison Magic   | |  6.5

Action                   |  1- 3 |  4- 6 |  7- 9 | 10-12 || total
-------------------------+-------+-------+-------+-------++-------
Melee: Unarmed           |    12 |       |       |       ||    12
       Headbutt          |     2 |     2 |     7 |       ||    11
       Hand axe          |       |    19 |    20 |       ||    39
       Bite              |       |     1 |     1 |       ||     2
       Scythe            |       |       |    28 |       ||    28
 Fire: Hunting sling     |       |     8 |       |       ||     8
       Shortbow          |       |       |    89 |    12 ||   101
Throw: Stone             |       |     7 |     9 |       ||    16
 Cast: Shock             |    61 |    83 |    30 |       ||   174
       Mephitic Cloud    |       |     1 |    16 |       ||    17
       Sticky Flame      |       |       |     6 |     2 ||     8
       Airstrike         |       |       |     4 |       ||     4
       Static Discharge  |       |       |     3 |     3 ||     6
  Use: Potion            |       |     1 |       |     1 ||     2
       Scroll            |       |       |     5 |       ||     5
 Stab: Confused          |       |     2 |     1 |       ||     3
  Eat: Chunk             |     2 |     7 |    17 |     1 ||    27
       Ration            |       |       |     1 |       ||     1
Armor: Animal skin       |    10 |     1 |       |       ||    11
       Robe              |       |     4 |    14 |     1 ||    19
Dodge: Dodged            |    10 |    15 |    67 |    21 ||   113
